 Dungeon Crawl Stone Soup version 0.29-a0-477-g62b78b4225 (webtiles) character file.

Game seed: 17998146416424366764

81 Infinimo the Cudgeller (level 4, -4/34 HPs)
             Began as a Demonspawn Gladiator on May 24, 2022.
             Killed from afar by an orc wizard (13 damage)
             ... with a puff of flame
             ... on level 3 of the Dungeon.
             The game lasted 00:01:34 (2180 turns).

Infinimo the Cudgeller (Demonspawn Gladiator)       Turns: 2180, Time: 00:01:35

Health: -4/34      AC:  3    Str: 14    XL:     4   Next: 19%
Magic:  4/4        EV: 13    Int: 11    God:
Gold:   95         SH:  0    Dex: 17    Spells: 3/3 levels left

rFire   . . .      SeeInvis .   a - +0 flail
rCold   . . .      Faith    .   (no shield)
rNeg    . . .      Spirit   .   b - +0 leather armour
rPois   .          Reflect  .   (helmet restricted)
rElec   .          Harm     .   (no cloak)
rCorr   .          Rampage  .   (no gloves)
Will    .....                   (no boots)
Stlth   ++........              (no amulet)
HPRegen 0.11/turn               (no ring)
MPRegen 0.09/turn               (no ring)

@: confused
A: antennae 1, thin skeletal structure 1
a: no special abilities


You were on level 3 of the Dungeon.
You visited 1 branch of the dungeon, and saw 3 of its levels.

You collected 125 gold pieces.
You spent 30 gold pieces at shops.

Inventory:

Hand Weapons
 a - a +0 flail (weapon)
Missiles
 d - 3 throwing nets (quivered)
 e - a javelin
Armour
 b - a +0 leather armour (worn)
 c - a +0 helmet
Jewellery
 h - a ring of ice
 m - a ring of willpower
 o - an amulet of regeneration
Scrolls
 f - a scroll of blinking {unknown}
 i - 2 scrolls of teleportation
 j - 2 scrolls of magic mapping {unknown}
 k - a scroll of enchant armour {unknown}
 n - a scroll of fog {unknown}
 s - a scroll of vulnerability {unknown}
Potions
 g - 3 potions of curing {unknown}
 l - a potion of berserk rage {unknown}
 p - a potion of attraction {unknown}
 q - a potion of might {unknown}
 r - a potion of mutation {unknown}


   Skills:
 + Level 2.8 Fighting
 * Level 3.8 Maces & Flails
 - Level 1.7 Throwing
 + Level 3.2 Dodging


You had 3 spell levels left.
You didn't know any spells.
Your spell library contained the following spells:

 Spells                   Type           Power      Damage    Failure   Level
 Animate Armour           Summ/Erth      0%         N/A       99%         4
 Blade Hands              Tmut           0%         N/A       100%        5
 Iron Shot                Conj/Erth      0%         9d1       100%        6


Dungeon Overview and Level Annotations

Branches:
Dungeon (3/15)

Altars:
Uskayaw

Shops:
D:1 *


Innate Abilities, Weirdness & Mutations

You have a pair of small antennae on your head.
You have a somewhat thin skeletal structure. (Dex +2, Stealth+)


Message History

The hobgoblin is moderately wounded.
The hobgoblin is moderately wounded.
An orc wizard comes into view. It is wielding a +0 dagger.
The hobgoblin is moderately wounded.
The orc hits you with a +0 dagger.
The hobgoblin is moderately wounded.
The orc hits you with a +0 dagger.
The hobgoblin is moderately wounded.
The hobgoblin is moderately wounded.
The orc hits you with a +0 dagger.
The orc wizard points at you and mumbles some strange words.
You resist with some effort.
You thump the hobgoblin!
You kill the hobgoblin!
You thump the orc wizard!
The orc wizard is severely wounded.
The orc hits you with a +0 dagger.
You punch the orc wizard, but do no damage.
The orc wizard is severely wounded.
The orc wizard hits you with a +0 dagger.
The orc wizard is severely wounded.
The orc wizard points at you and mumbles some strange words.
You are confused.
You are too confused!
You are too confused!
You are too confused!
The orc throws a boomerang.
The boomerang hits you.
You bump into the rock wall.
The orc wizard gestures wildly while chanting.
The orc wizard flickers and vanishes!
Deactivating autopickup; reactivate with Ctrl-A.
You bump into the rock wall.
Something hits you.
You hear some strange, mumbled words.
A puff of flame appears from out of thin air!
The puff of flame hits you!
* * * LOW HITPOINT WARNING * * *
You hear some strange, mumbled words.
A puff of flame appears from out of thin air!
The puff of flame hits you!
You die...

#..........#
#.########.#######
#####.##### #........
#.........# #........
#.###.###.# #.......
###.###.###.# #...PP
#...........####.).PP
...................PP
.........#.#####@{.PP
.........#.# #o..PP
#.#.####..#. ##..PP
#.#.# .## #..PP #.#.#
## #..... #.#.#
#...... #.# #.#....#
#.. .###..## ## . #.#


You could see an orc.

Vanquished Creatures
  A gnoll (D:1)
  2 adders
  A dart slug (D:3)
  2 orcs
  3 ball pythons
  8 endoplasms
  2 giant cockroaches
  3 goblins (D:1)
  7 hobgoblins
  2 quokkas (D:1)
  4 bats (D:1)
  A frilled lizard (D:2)
  7 kobolds
  2 rats (D:1)
45 creatures vanquished.

Notes
Turn   | Place    | Note
-------+----------+-------------------------------------------
     0 | D:1      | Infinimo the Demonspawn Gladiator began the quest for the
                  | Orb.
     0 | D:1      | Reached XP level 1. HP: 16/16 MP: 1/1
   190 | D:1      | Gained mutation: You have a somewhat thin skeletal
                  | structure. (Dex +2, Stealth+) [demonic ancestry]
   190 | D:1      | Reached XP level 2. HP: 22/22 MP: 2/2
   239 | D:1      | Reached XP level 3. HP: 11/28 MP: 3/3
   576 | D:1      | Found Sueleus's General Store.
   581 | D:1      | Bought a scroll of teleportation for 30 gold pieces
  1236 | D:2      | Found a hide-covered altar of Uskayaw.
  1963 | D:3      | Gained mutation: You have a pair of small antennae on your
                  | head. [demonic ancestry]
  1963 | D:3      | Reached XP level 4. HP: 21/34 MP: 4/4
  2180 | D:3      | Killed from afar by an orc wizard

Illustrated notes

Levels and vault maps discovered:
D:1:      evilmike_arrival_plus, layout_basic, serial_shops, shop
D:2:      layout_basic, basic_altar, minmay_pentomino_u4
D:3:      layout_loops_ring, slow_altar_1, mainiacjoe_overflow_chevrons

Skill      XL: |  1  2 |
---------------+-------+-----
Maces & Flails | 3 |  3.8
Dodging        | 3 |  3.2
Fighting       | |  2.8
Throwing       | |  1.7

Action                   |  1- 3 |  4- 6 || total
-------------------------+-------+-------++-------
Melee: Flail             |    95 |    15 ||   110
       Punch             |     2 |     1 ||     3
 Stab: Sleeping          |     8 |       ||     8
Armor: Leather armour    |    19 |     4 ||    23
Dodge: Dodged            |    57 |    19 ||    76

Table legend: (Time is in decaauts)
 A = Elapsed time spent in this place.
 B = Non-inter-level travel time spent in this place.
 C = Inter-level travel time spent in this place.
 D = Time resting spent in this place.
 E = Time spent auto-exploring this place.
 F = Levels seen in this place.
 G = Mean time per level.
                   A        B        C        D        E       F      G
               +--------+--------+--------+--------+--------+-----+--------+
         Total |   2205 |   2150 |     55 |     18 |   1819 |   3 |  735.0 |
       Dungeon |   2205 |   2150 |     55 |     18 |   1819 |   3 |  735.0 |
               +--------+--------+--------+--------+--------+-----+--------+

Top non-repeatable levels by time:
     D:1: 1064 daAuts
     D:2: 890 daAuts
     D:3: 250 daAuts
